[Event "DVM U10 2024"]
[Site "Duesseldorf"]
[Date "2024.12.29"]
[Round "7"]
[White "Sandros Izzi, Diego"]
[Black "Liu, Siyuan B"]
[Result "1/2-1/2"]
[ECO "C55"]
[WhiteElo "975"]
[BlackElo "1687"]
[Annotator "NA"]
[PlyCount "186"]
[EventDate "2024.12.23"]
[EventType "team-tourn"]
[EventRounds "7"]
[EventCountry "GER"]
[SourceTitle "playchess.com"]
[Source "ChessBase"]
[SourceQuality "1"]
[TimeControl "3300+5"]

1. e4 e5 2. Nf3 Nc6 3. Bc4 Nf6 4. Nc3 Bb4 5. a3 Bc5 6. d3 a6 7. Bg5 b5 8. Bxf6 Qxf6 9. Nd5 Qd6 10. Ba2 Ne7 11. O-O Nxd5 12. Bxd5 c6 13. Ba2 O-O 14. Ng5 h6 15. Nf3 Qg6 16. Nxe5 Qf6 17. d4 Bd6 18. Ng4 Qf4 19. g3 Qxe4 20. Re1 Qf5 21. Re3 Bc7 22. c3 d5 23. f3 Bb6 24. Qe2 Be6 25. Bb1 Qg5 26. Re5 Qc1+ 27. Kg2 Bxg4 28. fxg4 Bc7 29. Qd3 g6 30. Re2 Qg5 31. Qf3 Rae8 32. Rxe8 Rxe8 33. h4 Qe7 34. Bd3 Qe3 35. Qxe3 Rxe3 36. Rd1 Bxg3 37. h5 g5 38. Bf5 Bh4 39. Rd3 Re2+ 40. Kf3 Rf2+ 41. Ke3 Rxb2 42. Bd7 Bf2+ 43. Kf3 Be1 44. Bxc6 Rb3 45. Bxd5 Rxa3 46. Ke2 Bxc3 47. Kd1 Ra1+ 48. Kc2 b4 49. Bb3 a5 50. d5 Kf8 51. Re3 a4 52. Bc4 a3 53. d6 Rf1 54. d7 Rf2+ 55. Be2 Bf6 56. Kb3 Rf4 57. Re8+ Kg7 58. d8=Q Bxd8 59. Rxd8 Re4 60. Rd2 Rf4 61. Ka2 Re4 62. Bf3 Re3 63. Rf2 Kf6 64. Bd5+ Ke5 65. Bxf7 Kd4 66. Bg6 Rc3 67. Rd2+ Kc4 68. Bf7+ Kb5 69. Rd5+ Rc5 70. Rxc5+ Kxc5 71. Kb3 Kb5 72. Kc2 Kc5 73. Kd3 Kb5 74. Ke4 Kc5 75. Kf5 Kd4 76. Kg6 Kc3 77. Kxh6 b3 78. Kxg5 a2 79. Bxb3 Kxb3 80. Kh6 a1=Q 81. g5 Qa6+ 82. g6 Qf6 83. Kh7 Qe7+ 84. g7 Qf7 85. h6 Qf5+ 86. Kh8 Qf6 87. Kh7 Qf5+ 88. Kg8 Qd7 89. Kh8 Qd4 90. h7 Qf6 91. Kg8 Qd8+ 92. Kf7 Qd7+ 93. Kg6 Qe6+ 1/2-1/2

[Event "DVM U10 2024"]
[Site "Duesseldorf"]
[Date "2024.12.29"]
[Round "7"]
[White "Wüstenberg, Felix"]
[Black "Özdemir, Anna Valentina"]
[Result "1-0"]
[ECO "C50"]
[WhiteElo "975"]
[BlackElo "954"]
[Annotator "NA"]
[PlyCount "59"]
[EventDate "2024.12.23"]
[EventType "team-tourn"]
[EventRounds "7"]
[EventCountry "GER"]
[SourceTitle "playchess.com"]
[Source "ChessBase"]
[SourceQuality "1"]
[TimeControl "3300+5"]

1. e4 e5 2. Nf3 Nc6 3. Bc4 Bc5 4. Nc3 Nf6 5. d3 O-O 6. Bg5 h6 7. Bh4 Be7 8. O-O d6 9. h3 a6 10. Bb3 Be6 11. Qd2 Qd7 12. Nd5 Bxd5 13. exd5 Nd4 14. Nxd4 exd4 15. Rfe1 Rfe8 16. Re2 b5 17. a3 a5 18. Rf1 a4 19. Ba2 c6 20. dxc6 Qxc6 21. Rfe1 Ra7 22. Bxf6 gxf6 23. Qxh6 d5 24. Qh5 Qd7 25. Bxd5 Kg7 26. Qxf7+ Kh8 27. Qg6 Qxd5 28. Qxe8+ Qg8 29. Qc6 Qg7 30. Qb6 1-0

[Event "DVM U10 2024"]
[Site "Duesseldorf"]
[Date "2024.12.29"]
[Round "7"]
[White "Holzhäuser, Thibaut Lautaro"]
[Black "Saloum, Michael"]
[Result "0-1"]
[ECO "C59"]
[WhiteElo "955"]
[BlackElo "1067"]
[Annotator "NA"]
[PlyCount "120"]
[EventDate "2024.12.23"]
[EventType "team-tourn"]
[EventRounds "7"]
[EventCountry "GER"]
[SourceTitle "playchess.com"]
[Source "ChessBase"]
[SourceQuality "1"]
[TimeControl "3300+5"]

1. e4 e5 2. Nf3 Nc6 3. Bc4 Nf6 4. Ng5 d5 5. exd5 Na5 6. Bb5+ c6 7. dxc6 bxc6 8. Be2 h6 9. Nf3 Bd6 10. d3 O-O 11. Nc3 Nd5 12. Bd2 Re8 13. O-O Ba6 14. Rb1 Rb8 15. Re1 Bb7 16. Ne4 Bc7 17. c4 Nf6 18. Nxf6+ Qxf6 19. Bc3 c5 20. b4 cxb4 21. Bxb4 Red8 22. Qc2 Nc6 23. Bc3 Nd4 24. Bxd4 exd4 25. Qd1 Re8 26. Rb2 Bb6 27. Kf1 Ba5 28. Nd2 Bxg2+ 29. Kxg2 Rxb2 30. Ne4 Qg6+ 31. Kh1 Bxe1 32. Qxe1 Qc6 33. Kg2 f5 34. Bf3 fxe4 35. Bxe4 Rxa2 36. h3 Qf6 37. Bd5+ Kf8 38. Be4 Qg5+ 39. Kf1 Qd2 40. Qxd2 Rxd2 41. Kg2 a5 42. Bc6 Ree2 43. Kf3 Rxf2+ 44. Ke4 Rh2 45. Bd7 Ke7 46. Ba4 Rxh3 47. Kxd4 Rhxd3+ 48. Kc5 Rh3 49. Kb5 Rh5+ 50. c5 Rb2+ 51. Kc4 Rh4+ 52. Kd5 Rd2+ 53. Kc6 Rxa4 54. Kb5 Ra1 55. Kc6 Rc1 56. Kb6 Kd7 57. Kb5 Rb2+ 58. Ka6 Rxc5 59. Ka7 a4 60. Ka8 a3 0-1

[Event "DVM U10 2024"]
[Site "Duesseldorf"]
[Date "2024.12.29"]
[Round "7"]
[White "Krupp, Jonathan"]
[Black "Haberger, Nino"]
[Result "0-1"]
[ECO "C10"]
[WhiteElo "941"]
[BlackElo "1098"]
[Annotator "NA"]
[PlyCount "54"]
[EventDate "2024.12.23"]
[EventType "team-tourn"]
[EventRounds "7"]
[EventCountry "GER"]
[SourceTitle "playchess.com"]
[Source "ChessBase"]
[SourceQuality "1"]
[TimeControl "3300+5"]

1. e4 e6 2. Nc3 d5 3. d4 dxe4 4. Nxe4 Bd7 5. Nf3 Nc6 6. Bb5 Be7 7. Bg5 Bxg5 8. Nexg5 h6 9. Ne4 Nf6 10. Qe2 a6 11. Ba4 Nxd4 12. Bxd7+ Qxd7 13. Qd3 Nxf3+ 14. Qxf3 Nxe4 15. Qxe4 Qb5 16. b4 O-O-O 17. c3 Qd7 18. O-O Qd3 19. Qxd3 Rxd3 20. Rac1 Rd2 21. a4 Rhd8 22. a5 Rb2 23. Rfd1 Rxd1+ 24. Rxd1 Rc2 25. Rd3 Rc1+ 26. Rd1 Rc2 27. Rd3 Rc1+ 0-1

[Event "DVM U10 2024"]
[Site "Duesseldorf"]
[Date "2024.12.29"]
[Round "7"]
[White "Seitov, Adela"]
[Black "Boeskov, Steffen"]
[Result "1-0"]
[ECO "C50"]
[WhiteElo "911"]
[BlackElo "1933"]
[Annotator "NA"]
[PlyCount "73"]
[EventDate "2024.12.23"]
[EventType "team-tourn"]
[EventRounds "7"]
[EventCountry "GER"]
[SourceTitle "playchess.com"]
[Source "ChessBase"]
[SourceQuality "1"]
[TimeControl "3300+5"]

1. e4 e5 2. Nf3 Nc6 3. Bc4 Nf6 4. Nc3 Bc5 5. d3 Ng4 6. Be3 Bxe3 7. fxe3 Nxe3 8. Qe2 Nxc4 9. dxc4 O-O 10. O-O-O d6 11. h4 Bg4 12. h5 Nd4 13. Qf2 h6 14. Rh2 Qf6 15. Rd3 Qf4+ 16. Kb1 f5 17. Nd5 Qxh2 18. Nxh2 fxe4 19. Ne7+ Kh7 20. Qg3 exd3 21. Qxd3+ Bf5 22. Nxf5 Rxf5 23. g4 Raf8 24. gxf5 Rxf5 25. c3 Kg8 26. cxd4 Rf2 27. Qg3 Rd2 28. dxe5 dxe5 29. Qxe5 Rd6 30. Qe8+ Kh7 31. c5 Rd2 32. c6 bxc6 33. Qg6+ Kg8 34. Ng4 Kf8 35. Nxh6 gxh6 36. Qxh6+ Kf7 37. Qxd2 1-0

[Event "DVM U10 2024"]
[Site "Duesseldorf"]
[Date "2024.12.29"]
[Round "7"]
[White "Odbayar, Ekhbayar"]
[Black "Gheng, Hannes Lucas"]
[Result "0-1"]
[ECO "B50"]
[WhiteElo "864"]
[BlackElo "1482"]
[Annotator "NA"]
[PlyCount "64"]
[EventDate "2024.12.23"]
[EventType "team-tourn"]
[EventRounds "7"]
[EventCountry "GER"]
[SourceTitle "playchess.com"]
[Source "ChessBase"]
[SourceQuality "1"]
[TimeControl "3300+5"]

1. e4 c5 2. Nf3 d6 3. Bc4 Nf6 4. Ng5 e6 5. d3 h6 6. Nf3 Be7 7. O-O O-O 8. h3 d5 9. exd5 exd5 10. Bb3 Nc6 11. c4 Be6 12. cxd5 Nxd5 13. Bxd5 Bxd5 14. Re1 Bf6 15. Re2 Bxf3 16. gxf3 Nd4 17. Re1 Qc8 18. Be3 Qxh3 19. Bxd4 Bxd4 20. Qd2 Kh7 21. Nc3 g5 22. Nd5 Rg8 23. Re7 Rg7 24. Qe2 Rag8 25. Qe4+ f5 26. Rxg7+ Rxg7 27. Qe2 g4 28. fxg4 Rxg4+ 29. Qxg4 fxg4 30. Nf4 Qf3 31. Ng2 Bxf2+ 32. Kh1 Qh3# 0-1

[Event "DVM U10 2024"]
[Site "Duesseldorf"]
[Date "2024.12.29"]
[Round "7"]
[White "Sachse, Alina"]
[Black "Raskob, Levi Franziskus"]
[Result "1-0"]
[ECO "C23"]
[WhiteElo "848"]
[BlackElo "840"]
[Annotator "NA"]
[PlyCount "55"]
[EventDate "2024.12.23"]
[EventType "team-tourn"]
[EventRounds "7"]
[EventCountry "GER"]
[SourceTitle "playchess.com"]
[Source "ChessBase"]
[SourceQuality "1"]
[TimeControl "3300+5"]

1. e4 e5 2. Bc4 Qh4 3. Qe2 b5 4. Bb3 d6 5. Nf3 Qg4 6. Nc3 Qxg2 7. Rf1 b4 8. Nd5 c6 9. Nc7+ Kd8 10. Nxa8 c5 11. Qb5 Qxf3 12. Qxb8 Qxe4+ 13. Kd1 Ke7 14. Qxc8 Nf6 15. Qc7+ Nd7 16. d3 Qxa8 17. Ba4 Qf3+ 18. Ke1 g6 19. Qxd7+ Kf6 20. Rg1 Be7 21. Bg5+ Kg7 22. Bxe7 Qh3 23. Qxh3 Rg8 24. Qh4 Kh8 25. Qf6+ Rg7 26. Qxd6 g5 27. Qd8+ Rg8 28. Bf6# 1-0

[Event "DVM U10 2024"]
[Site "Duesseldorf"]
[Date "2024.12.29"]
[Round "7"]
[White "Nordmann, Vigo"]
[Black "Baasch, Julius"]
[Result "1-0"]
[ECO "B01"]
[WhiteElo "831"]
[BlackElo "774"]
[Annotator "NA"]
[PlyCount "61"]
[EventDate "2024.12.23"]
[EventType "team-tourn"]
[EventRounds "7"]
[EventCountry "GER"]
[SourceTitle "playchess.com"]
[Source "ChessBase"]
[SourceQuality "1"]
[TimeControl "3300+5"]

1. e4 d5 2. d3 dxe4 3. Nc3 exd3 4. cxd3 Nc6 5. Be2 Nf6 6. Bf4 e5 7. Bg5 Be7 8. Nf3 O-O 9. Qd2 h6 10. Bh4 Be6 11. O-O Nd4 12. Nxe5 Nxe2+ 13. Qxe2 Bd6 14. Rad1 c6 15. Rfe1 Qa5 16. d4 h5 17. Bxf6 gxf6 18. Nf3 Bg4 19. h3 Bxf3 20. Qxf3 Qg5 21. Ne4 Qd5 22. Nxf6+ Kh8 23. Nxd5 cxd5 24. Qf6+ Kg8 25. Qxd6 Rad8 26. Qg3+ Kh8 27. Re5 f5 28. Rde1 Rg8 29. Qh4 Kg7 30. Re7+ Kg6 31. R1e6# 1-0